 Dungeon Crawl Stone Soup version 0.27.1-1-g398f81649c (webtiles) character file.

Game seed: 9313151719827651955

14576 ZARRMARR the Covert (level 12, -1/82 HPs)
             Began as an Octopode Conjurer on Sept 10, 2021.
             Was a High Priest of Okawaru.
             Slain by a white ugly thing (15 damage)
             ... on level 12 of the Dungeon.
             The game lasted 01:21:27 (17563 turns).

ZARRMARR the Covert (Octopode Conjurer)            Turns: 17563, Time: 01:21:28

Health: -1/82      AC:  7    Str:  7    XL:     12   Next: 18%
Magic:  13/18      EV: 17    Int: 25    God:    Okawaru [*****.]
Gold:   217        SH:  0    Dex: 16    Spells: 14/17 levels left

rFire    + . .     SeeInvis .   c - +6 short sword (elec)
rCold    . . .     Faith    .   (no shield)
rNeg     + . .     Spirit   .   k - +2 hat {Stlth+}
rPois    .         Reflect  .   y - amulet of the Four Winds {rN+ Will+++ Clar}
rElec    .         Harm     .   b - ring "Ipoop" {rF+ rCorr AC+4}
rCorr    +         Rampage  .   q - +6 ring of dexterity
Will     ++++.     Clarity  +   z - ring of willpower
Stlth    +++++++...             (no ring)
HPRegen  0.23/turn              (no ring)
MPRegen  0.16/turn              (no ring)
                                (no ring)
                                (no ring)

@: finesse-ful
A: almost no armour, amphibious, 8 rings, camouflage 1, gelatinous body 1,
(nimble swimmer 1), tentacles
a: Renounce Religion, Heroism, Finesse


You were on level 12 of the Dungeon.
You worshipped Okawaru.
Okawaru was extremely pleased with you.
You visited 2 branches of the dungeon, and saw 13 of its levels.

You collected 743 gold pieces.
You spent 526 gold pieces at shops.

Inventory:

Hand Weapons
 c - a +6 short sword of electrocution (weapon)
Missiles
 a - 2 throwing nets
 A - a curare-tipped dart (quivered)
Armour
 k - a +2 hat of stealth (worn)
 G - a +0 buckler
Jewellery
 b - the ring "Ipoop" (left tentacle) {rF+ rCorr AC+4}
   (You acquired it on level 3 of the Dungeon)

   [ring of protection]

   AC:        It affects your AC (+4).
   rF:        It protects you from fire.
   rCorr:     It protects you from acid and corrosion.
 q - a +6 ring of dexterity (right tentacle)
 y - the amulet of the Four Winds (around mantle) {rN+ Will+++ Clar}
   (You bought it in a shop on level 7 of the Dungeon)

   [amulet of nothing]

   rN:        It protects you from negative energy.
   Clar:      It protects you against confusion.
   Will:      It greatly increases your willpower.
 z - a ring of willpower (on tentacle)
Wands
 x - a wand of iceblast (5)
 B - a wand of acid (9)
 D - a wand of flame (39)
 F - a wand of polymorph (11)
 H - a wand of paralysis (9)
Scrolls
 d - 2 scrolls of amnesia
 e - 3 scrolls of immolation
 g - a scroll of brand weapon
 h - 4 scrolls of fog
 j - 4 scrolls of fear
 n - a scroll of vulnerability {unknown}
 o - 4 scrolls of blinking {unknown}
 s - a scroll of noise {unknown}
 u - 2 scrolls of enchant armour {unknown}
 w - 3 scrolls of teleportation
 C - a scroll of silence {unknown}
 E - 2 scrolls of magic mapping {unknown}
Potions
 f - 2 potions of mutation
 i - 3 potions of curing
 l - 4 potions of might
 m - a potion of cancellation
 p - a potion of flight
 r - a potion of magic
 v - 3 potions of brilliance
 J - 2 potions of haste
 K - a potion of invisibility
Miscellaneous
 t - a piece from Xom's chessboard (15/15)
 I - a condenser vane (inert)


   Skills:
 + Level 8.1 Fighting
 * Level 10.5 Short Blades
 + Level 8.3 Dodging
 + Level 11.5 Stealth
 - Level 3.4 Spellcasting
 - Level 5.0 Conjurations
 + Level 8.0 Invocations


You had 14 spell levels left.
You knew the following spells:

 Your Spells              Type           Power      Damage    Failure   Level
a - Magic Dart            Conj           100%       1d8       1%          1
b - Searing Ray           Conj           58%        3d5       1%          2

Your spell library contained the following spells:

 Spells                   Type           Power      Damage    Failure   Level
 Dazzling Flash           Conj/Hex       32%        N/A       11%         3
 Blink                    Tloc           N/A        N/A       14%         2
 Call Imp                 Summ           4%         N/A       14%         2
 Mephitic Cloud           Conj/Pois/Air  12%        N/A       14%         3
 Lesser Beckoning         Tloc           2%         N/A       28%         3
 Fulminant Prism          Conj/Hex       8%         3d7       34%         4
 Iskenderun's Mystic Bla  Conj/Tloc      16%        2d5       34%         4
 Manifold Assault         Tloc           4%         N/A       95%         5


Dungeon Overview and Level Annotations

Branches:
Dungeon (12/15)            Temple (1/1) D:5            Lair (0/6) D:9
    Orc (0/2) D:9

Altars:
Ashenzari
Cheibriados
Dithmenos
Elyvilon
Fedhas
Gozag
Hepliaklqana
Kikubaaqudgha
Makhleb
Nemelex Xobeh
Okawaru
Qazlal
Ru
Sif Muna
Trog
Uskayaw
Vehumet
Wu Jian
Xom
Yredelemnul
Zin
The Shining One
Jiyva

Shops:
D:7 =

Annotations:
D:4 exclusion: downstairs
D:6 exclusion: downstairs
D:7 2 transporters, exclusion: downstairs, zdrol's ghost, novice MiFi
D:8 3 runed translucent doors, ZARRMARR's ghost, novice DEEE


Innate Abilities, Weirdness & Mutations

You cannot wear most types of armour.
You are amphibious.
You can wear up to eight rings at the same time.
Your skin changes colour to match your surroundings (Stealth+).
Your rubbery body absorbs attacks. (AC +1, EV +1)
((You are camouflaged near water. (Stealth+)))
You have tentacles for arms and can constrict up to eight enemies at once.


Message History

Press: ? - help, v - describe, . - travel
Here: a white ugly thing (wandering, hasn't noticed you)
The floor.
Unknown command.
Found a robe.
The white ugly thing gurgles horribly!
You puncture the white ugly thing! You grab the white ugly thing.
The white ugly thing is lightly wounded.
You constrict the white ugly thing. You hit the white ugly thing.
The white ugly thing is lightly wounded.
You constrict the white ugly thing, but do no damage.
The white ugly thing closely misses you.
You puncture the white ugly thing!
Your squeeze misses the white ugly thing.
The white ugly thing is moderately wounded.
You constrict the white ugly thing. The white ugly thing pecks you.
The white ugly thing freezes you!!
You hit the white ugly thing.
Lightning courses through the white ugly thing!
You squeeze the white ugly thing.
The white ugly thing is heavily wounded.
You constrict the white ugly thing. You hit the white ugly thing.
The white ugly thing is heavily wounded.
You constrict the white ugly thing. The white ugly thing misses you.
You hit the white ugly thing.
The white ugly thing is heavily wounded.
You constrict the white ugly thing. You hit the white ugly thing.
The white ugly thing is heavily wounded.
You constrict the white ugly thing, but do no damage.
The white ugly thing pecks you! The white ugly thing freezes you!!
* * * LOW HITPOINT WARNING * * *
Unknown command.
You can now deal lightning-fast blows.
You constrict the white ugly thing. The white ugly thing pecks you.
* * * LOW HITPOINT WARNING * * *
The white ugly thing freezes you!
You die...

##.....### #......#
######## #...(..#
......[# #..^...#
.....# #......#
...# ####......#
#.####.........#
#........†.....#
#@.............#
#.u......(.....#
#................
..................
........###.....##+
u........# ##...#
.........# ...#
#####+###


You could see a white ugly thing.

Vanquished Creatures
  A hydra (D:11)
  Erica (D:10)
  2 two-headed ogres
  Nergalle (D:10)
  A cyclops (D:11)
  A manticore (D:9)
  A gargoyle (D:11)
  An unseen horror (D:8)
  Psyche (D:11)
  A troll (D:10)
  A hornet (D:9)
  2 shadows
  2 wyverns
  2 wraiths
  20 yaks
  2 basilisks (D:9)
  2 vampire mosquitoes (D:12)
  A steam dragon (D:10)
  An acid dragon (D:12)
  5 water moccasins (D:9)
  A black bear (D:5)
  6 orc warriors
  2 ogres
  4 centaurs
  A phantom (D:5)
  5 kobold brigands
  A bullfrog (D:6)
  3 gnoll sergeants
  A scorpion (D:6)
  A wyvern zombie (D:7)
  2 water moccasin zombies
  16 wights
  7 howler monkeys
  An electric eel (D:10)
  4 hounds
  A bullfrog zombie (D:5)
  2 centaur zombies
  5 orc priests
  A jelly (D:5)
  A centaur skeleton (D:7)
  Terence (D:3)
  4 iguanas
  11 orc wizards
  19 gnolls
  2 howler monkey zombies
  4 adders
  4 white imps
  An ufetubus (D:7)
  A worm (D:5)
  43 orcs
  8 ball pythons
  6 bats
  2 endoplasms (D:3)
  2 giant cockroaches
  6 goblins
  6 hobgoblins
  2 quokkas
  2 frilled lizards
  25 kobolds
  4 rats
267 creatures vanquished.

Vanquished Creatures (others)
  3 fungi (D:9)
  25 plants
28 creatures vanquished.

Grand Total: 295 creatures vanquished

Notes
Turn   | Place    | Note
-------+----------+-------------------------------------------
     0 | D:1      | ZARRMARR the Octopode Conjurer began the quest for the Orb.
     0 | D:1      | Reached XP level 1. HP: 11/11 MP: 3/3
   492 | D:1      | Reached XP level 2. HP: 18/18 MP: 1/5
   618 | D:1      | Reached skill level 3 in Stealth
  1125 | D:2      | Reached XP level 3. HP: 22/22 MP: 1/6
  1205 | D:2      | Reached skill level 1 in Fighting
  1235 | D:2      | Found a faded altar of an unknown god.
  1755 | D:2      | Found a bloodstained altar of Trog.
  2423 | D:3      | Identified a scroll of acquirement
  2424 | D:3      | Acquired the ring "Ipoop" {rF+ rCorr AC+4}
  2797 | D:3      | Reached XP level 4. HP: 11/28 MP: 1/7
  3147 | D:3      | Noticed Terence
  3150 | D:3      | Killed Terence
  3598 | D:4      | Reached skill level 4 in Stealth
  3598 | D:4      | Reached XP level 5. HP: 33/34 MP: 4/9
  3647 | D:4      | Found an iron altar of Okawaru.
  3653 | D:4      | Became a worshipper of Warmaster Okawaru
  3661 | D:4      | Noticed a wyvern
  3676 | D:4      | Killed a wyvern
  3677 | D:4      | Reached XP level 6. HP: 13/41 MP: 8/10
  4100 | D:4      | Found a radiant altar of Vehumet.
  4100 | D:4      | Found a broken altar of Ashenzari.
  4252 | D:5      | Entered Level 5 of the Dungeon
  4284 | D:5      | Reached * piety under Okawaru
  4541 | D:5      | Reached skill level 5 in Stealth
  4541 | D:5      | Reached skill level 5 in Conjurations
  4541 | D:5      | Reached XP level 7. HP: 42/45 MP: 6/12
  4635 | D:4      | Reached skill level 1 in Short Blades
  4730 | D:5      | Reached skill level 1 in Invocations
  4832 | D:5      | Found a sparkling altar of Nemelex Xobeh.
  4907 | D:5      | Reached ** piety under Okawaru
  5010 | D:5      | Reached XP level 8. HP: 52/52 MP: 10/13
  5078 | D:5      | Found a staircase to the Ecumenical Temple.
  5117 | Temple   | Entered the Ecumenical Temple
  5434 | D:5      | Reached skill level 6 in Stealth
  5618 | D:5      | Found a burning altar of Makhleb.
  6275 | D:6      | Identified the +6 hand axe "Hyablise" {freeze, *Corrode
                  | Will+ Str+2}
  8232 | D:4      | Learned a level 2 spell: Searing Ray
  8995 | D:7      | Reached skill level 5 in Dodging
  8995 | D:7      | Reached skill level 7 in Stealth
  8995 | D:7      | Reached XP level 9. HP: 44/59 MP: 8/14
  9137 | D:7      | Found Ronyghyg's Jewellery Shoppe.
  9345 | D:6      | Reached skill level 5 in Short Blades
  9596 | D:7      | Found a transporter.
  9615 | D:7      | Found a transporter.
  9616 | D:7      | Noticed zdrol's ghost (novice MiFi)
 10205 | D:7      | Bought the amulet of the Four Winds {rN+ Will+++ Clar} for
                  | 526 gold pieces
 10205 | D:7      | Found the amulet of the Four Winds {rN+ Will+++ Clar}
 10251 | D:8      | Found a runed translucent gate.
 10288 | D:8      | Reached skill level 5 in Fighting
 10562 | D:8      | Found a runed translucent gate.
 10562 | D:8      | Found a runed translucent gate.
 10567 | D:8      | Noticed ZARRMARR's ghost (novice DEEE)
 10582 | D:8      | Found a viscous altar of Jiyva.
 10615 | D:8      | Killed an unseen horror
 10615 | D:8      | Reached *** piety under Okawaru
 10616 | D:8      | Reached skill level 8 in Stealth
 11052 | D:8      | Reached skill level 5 in Invocations
 11052 | D:8      | Reached XP level 10. HP: 27/68 MP: 3/15
 12186 | D:8      | Reached skill level 9 in Stealth
 12751 | D:9      | Reached **** piety under Okawaru
 12812 | D:9      | Found a bloodstained altar of Trog.
 13549 | D:9      | Reached ***** piety under Okawaru
 13665 | D:9      | Found a staircase to the Orcish Mines.
 13724 | D:9      | Noticed a manticore
 13857 | D:9      | HP: 3/69 [manticore (1)]
 13859 | D:9      | Killed a manticore
 13860 | D:9      | Reached skill level 10 in Stealth
 13860 | D:9      | Reached XP level 11. HP: 10/74 MP: 5/16
 14155 | D:9      | Found a staircase to the Lair.
 14669 | D:10     | Entered Level 10 of the Dungeon
 14843 | D:10     | Noticed Nergalle
 14868 | D:10     | Killed Nergalle
 15200 | D:10     | Received a gift from Okawaru
 15487 | D:10     | Noticed a two-headed ogre
 15495 | D:10     | Killed a two-headed ogre
 15724 | D:10     | Noticed Erica
 15730 | D:10     | Killed Erica
 16281 | D:11     | Noticed a cyclops
 16323 | D:11     | Killed a cyclops
 16430 | D:11     | Noticed a five-headed hydra
 16450 | D:11     | Killed a five-headed hydra
 16451 | D:11     | Reached skill level 10 in Short Blades
 16451 | D:11     | Reached skill level 11 in Stealth
 16714 | D:11     | Noticed Psyche
 16721 | D:11     | Killed Psyche
 16797 | D:11     | Noticed a two-headed ogre
 16875 | D:11     | Killed a two-headed ogre
 16876 | D:11     | Reached XP level 12. HP: 56/82 MP: 12/17
 16899 | D:11     | Received a gift from Okawaru
 17563 | D:12     | Slain by a white ugly thing

Illustrated notes

Levels and vault maps discovered:
D:1:      dpeg_arrival_refuge, layout_basic
D:2:      layout_basic, basic_altar, hellmonk_ecumenical_altar_arch_garden,
          serial_forest, infiniplex_forest_split, infiniplex_forest_fountain,
          infiniplex_forest_straight_4, infiniplex_forest_end_2,
          infiniplex_forest_lined_2, infiniplex_forest_lined_corner,
          infiniplex_forest_straight_1
D:3:      layout_basic, uniq_terence
D:4:      layout_cave_pools, okawaru_ov_weapons_minmay, jmf_multi_god_temple
D:5:      layout_basic, nemelex_diamond_rough_becter, makhleb_heckhound_becter,
          minmay_temple_entry_antechambers, kennysheep_path_1,
          hellmonk_bongcloud_opening
D:6:      layout_layer_cave, wad_floor_pattern_untrapped
D:7:      layout_gridville, serial_shops, shop_coins, gammafunk_ghost_mausoleum
D:8:      layout_gridville, gammafunk_ghost_ooze
D:9:      layout_cave_pools, trog_butcher_becter, minmay_lair_entry_grove,
          minmay_chambers_of_fives
D:10:     layout_stronghold, serial_bayou, serial_bayou_lagoon_a,
          serial_bayou_pond_a, serial_bayou_shore_a, serial_bayou_shore_b,
          uniq_erica, uniq_nergalle
D:11:     layout_rooms, chequers_jeans, uniq_psyche
D:12:     layout_irregular_city
Temple:   nicolae_temple_x_marks_the_god

Skill      XL: |  1  2  3  4  5  6  7  8  9 10 11 12 |
---------------+-------------------------------------+-----
Stealth        | 3 4 5 7 8 10 11 | 11.5
Fighting       | 1 2 3 4 5 6 8 |  8.1
Dodging        | 3 4 5 6 7 8 |  8.3
Spellcasting   | 3 |  3.4
Conjurations   | 5 |  5.0
Short Blades   | 2 4 6 8 10 | 10.5
Invocations    | 1 3 5 6 7 8 |  8.0

Action                   |  1- 3 |  4- 6 |  7- 9 | 10-12 || total
-------------------------+-------+-------+-------+-------++-------
Melee: Dagger            |    13 |    12 |   193 |   264 ||   482
       Constrict         |     2 |     1 |    35 |    33 ||    71
       Tentacles         |     1 |       |    17 |    50 ||    68
       Punch             |       |       |     6 |    13 ||    19
       Short sword       |       |       |       |    55 ||    55
Throw: Boomerang         |       |     7 |       |       ||     7
       Throwing net      |       |     1 |       |       ||     1
       Dart              |       |       |       |     2 ||     2
 Cast: Magic Dart        |    64 |    48 |    88 |    55 ||   255
       Searing Ray       |       |       |    22 |    35 ||    57
Invok: Heroism           |       |       |    15 |    17 ||    32
       Finesse           |       |       |       |     2 ||     2
Evoke: Wand              |       |     4 |       |     6 ||    10
       Condenser vane    |       |       |       |     1 ||     1
  Use: Scroll            |     9 |     4 |     9 |    12 ||    34
       Potion            |       |       |     5 |     1 ||     6
 Stab: Sleeping          |     2 |     2 |    16 |    15 ||    35
       Confused          |       |       |       |     2 ||     2
Armor: Skin              |       |     4 |    31 |    25 ||    60
Dodge: Dodged            |    10 |    10 |   103 |   162 ||   285
